 Dungeon Crawl Stone Soup version 0.26.1-11-gd32895ea62 (webtiles) character file.

Game seed: 6883330930982737384

929 unlimited1921 the Shield-Bearer (level 8, -12/49 HPs)
             Began as a Gargoyle Fighter on July 12, 2021.
             Was a Follower of Zin.
             Mangled by a polar bear (17 damage)
             ... created by the rage of Trog
             ... on level 6 of the Dungeon.
             The game lasted 01:27:25 (6313 turns).

unlimited1921 the Shield-Bearer (Gargoyle Fighter)  Turns: 6313, Time: 01:27:29

Health: -12/49     AC:  9    Str: 30    XL:     8   Next: 11%
Magic:  8/8        EV:  9    Int: 17    God:    Zin [*.....]
Gold:   211        SH: 10    Dex:  9    Spells: 6/7 levels left

rFire    . . .     SeeInvis .   J - +0 war axe
rCold    . . .     Faith    .   c - +0 kite shield
rNeg     + . .     Spirit   .   D - +1 leather armour "Goexaymm" {*Drain Str+10} (curse)
rPois    ∞         Reflect  .   (no helmet)
rElec    +         Harm     .   (no cloak)
rCorr    .         Rampage  .   (no gloves)
Will     +....                  (no boots)
Stlth    +.........             K - amulet of regeneration
HPRegen  0.56/turn              h - +6 ring of intelligence
MPRegen  0.11/turn              M - ring of willpower

@: about to teleport
A: negative energy resistance 1, electricity resistance, unbreathing,
petrification resistance, miasma immunity, AC +5
a: Renounce Religion, Recite, Donate Gold


You were on level 6 of the Dungeon.
You worshipped Zin.
Zin was aware of your devotion.
You visited 2 branches of the dungeon, and saw 7 of its levels.

You collected 234 gold pieces.
You donated 23 gold pieces to Zin.

Inventory:

Hand Weapons
 a - a +0 flail
 l - a +0 rapier of speed
 C - a +0 war axe
 I - a +2 dagger of venom
 J - a +0 war axe (weapon)
Missiles
 n - 91 arrows
 o - 104 sling bullets
 p - 49 bolts
 s - 220 stones
 w - 3 javelins
 G - 12 poisoned darts
Armour
 b - a +0 scale mail
 c - a +0 kite shield (worn)
 D - the cursed +1 leather armour "Goexaymm" (worn) {*Drain Str+10}
   (You found it on level 5 of the Dungeon)

   It affects your strength (+10).
   It causes draining when unequipped.
   It has a curse placed upon it.
Jewellery
 h - a +6 ring of intelligence (left hand)
 x - an uncursed amulet of guardian spirit
 K - an amulet of regeneration (around neck)
 M - a ring of willpower (right hand)
Wands
 u - a wand of flame (2) (quivered)
 y - a wand of paralysis (10)
Scrolls
 f - a scroll of blinking {unknown}
 g - a scroll of noise
 r - 3 scrolls of teleportation
 t - a scroll of remove curse
 E - a scroll of amnesia
 F - a scroll of enchant weapon
Potions
 d - a potion of might
 e - a potion of resistance
 k - 2 potions of curing
 m - a potion of flight {unknown}
 q - a potion of ambrosia {unknown}
 v - a potion of degeneration {unknown}
 z - a potion of lignification {unknown}
 A - a potion of brilliance
 B - a potion of haste {unknown}
 L - a potion of cancellation {unknown}


   Skills:
 + Level 5.0(2.5) Fighting
 + Level 0.1(1.4) Axes
 + Level 5.3(2.6) Maces & Flails
 + Level 1.0(0.5) Throwing
 + Level 4.7(2.3) Armour
 + Level 2.1(1.0) Dodging
 + Level 0.7(0.3) Stealth
 + Level 5.7(2.8) Shields
 + Level 1.0(0.5) Evocations


You had 6 spell levels left.
You knew the following spells:

 Your Spells              Type           Power        Failure   Level
a - Animate Skeleton      Necr           0%           77%         1

Your spell library contained the following spells:

 Spells                   Type           Power        Failure   Level
 Pain                     Necr           0%           77%         1
 Vampiric Draining        Necr           0%           98%         3
 Animate Dead             Necr           0%           100%        4
 Agony                    Necr           0%           100%        5


Dungeon Overview and Level Annotations

Branches:
Dungeon (6/15)             Temple (1/1) D:5

Altars:
Ashenzari
Cheibriados
Dithmenos
Elyvilon
Fedhas
Gozag
Hepliaklqana
Kikubaaqudgha
Makhleb
Nemelex Xobeh
Okawaru
Qazlal
Ru
Sif Muna
Trog
Uskayaw
Vehumet
Wu Jian
Xom
Yredelemnul
Zin
The Shining One

Annotations:
D:5 1 runed translucent door


Innate Abilities, Weirdness & Mutations

You are resistant to torment.
Your stone body is resilient. (AC +5)
You are immune to poison.
You resist negative energy. (rN+)
You are resistant to electric shocks. (rElec)
You can survive without breathing.
You are immune to petrification.
You are immune to miasma.


Message History

The polar bear closely misses you. x2
The polar bear claws you but does no damage.
The polar bear bites you but does no damage.
The polar bear barely misses you. x2; The polar bear closely misses you.
The polar bear claws you but does no damage.
The polar bear closely misses you. The polar bear bites you.
* * * LOW HITPOINT WARNING * * *
The polar bear closely misses you.
The polar bear claws you but does no damage.
The polar bear rages.
You block the polar bear's attack. The polar bear misses you.
The polar bear claws you.
* * * LOW HITPOINT WARNING * * *
As you read the scroll of teleportation, it crumbles to dust.
You feel strangely unstable. The polar bear barely misses you.
You block the polar bear's attack.
The polar bear claws you but does no damage.
The polar bear rages.
The polar bear bites you!
You die...

### ## ## ####.. #..#. ###
##.)... ...... ###.###...#..
......### ######....###..#..
#..#####.##...>......#...
...#.....h#.#......####.....
...........hh@........##......
............h.........###.....
#....................###......
#.......#.#........######.....
#..>....#####........##.......
......... #.............##.#.
........# #....####........#.
..... ..##.. ##........
.........


You could see 4 polar bears.

Vanquished Creatures
  Eustachio (D:5)
  2 ogres (D:5)
  2 howler monkeys
  2 hounds
  A bullfrog skeleton (D:5)
  An orc priest (D:5)
  An orc wizard (D:5)
  An iguana (D:4)
  Natasha (thrice) (D:2)
  3 worker ants
  A hound skeleton (D:5)
  A worker ant zombie (D:5)
  6 adders
  2 ufetubi
  An ooze (D:1)
  2 adder skeletons
  4 worms
  8 dart slugs
  4 leopard geckos
  3 orcs
  2 ball pythons
  3 bats
  5 giant cockroaches
  7 goblins
  7 hobgoblins
  14 jackals
  2 quokkas (D:5)
  6 frilled lizards
  11 kobolds
  10 rats
116 creatures vanquished.

Notes
Turn   | Place    | Note
-------+----------+-------------------------------------------
     0 | D:1      | unlimited1921 the Gargoyle Fighter began the quest for the
                  | Orb.
     0 | D:1      | Reached XP level 1. HP: 14/14 MP: 1/1
   383 | D:1      | Reached XP level 2. HP: 19/19 MP: 2/2
   703 | D:1      | Reached XP level 3. HP: 21/23 MP: 3/3
  1468 | D:2      | Noticed Natasha
  1476 | D:2      | Killed Natasha
  1477 | D:2      | Reached XP level 4. HP: 17/28 MP: 4/4
  1497 | D:2      | Reached XP level 5. HP: 22/33 MP: 5/5
  1831 | D:2      | Noticed Natasha
  1840 | D:2      | Killed Natasha
  1880 | D:2      | Noticed Natasha
  1888 | D:2      | Killed Natasha
  1889 | D:2      | Reached skill level 1 in Dodging
  2503 | D:3      | Found a shimmering altar of Xom.
  2507 | D:3      | Reached XP level 6. HP: 38/38 MP: 6/6
  3728 | D:4      | Found a stormy altar of Qazlal.
  4422 | D:5      | Entered Level 5 of the Dungeon
  4443 | D:5      | Found a staircase to the Ecumenical Temple.
  4639 | D:5      | Noticed Eustachio
  4771 | D:5      | Killed Eustachio
  4772 | D:5      | Reached skill level 5 in Shields
  4772 | D:5      | Reached XP level 7. HP: 31/44 MP: 7/7
  5049 | D:5      | Reached skill level 1 in Throwing
  5114 | D:5      | Paralysed by an orc for 7 turns
  5314 | D:5      | Got an ichor-stained leather armour
  5417 | D:5      | Found a glowing golden altar of the Shining One.
  5417 | D:5      | Noticed an angel
  5418 | D:5      | Found a runed translucent door.
  5702 | D:5      | Reached skill level 5 in Fighting
  5702 | D:5      | Reached skill level 5 in Maces & Flails
  5702 | D:5      | Reached skill level 1 in Evocations
  5702 | D:5      | Reached XP level 8. HP: 39/49 MP: 8/8
  5875 | Temple   | Entered the Ecumenical Temple
  5931 | Temple   | Became a worshipper of Ashenzari the Shackled
  5942 | Temple   | Identified the cursed +1 leather armour "Goexaymm" {*Drain
                  | Str+10} (You found it on level 5 of the Dungeon)
  5974 | Temple   | Fell from the grace of Ashenzari
  5974 | Temple   | Became a worshipper of Trog the Wrathful
  6045 | Temple   | Fell from the grace of Trog
  6045 | Temple   | Became a worshipper of Zin the Law-Giver
  6045 | Temple   | Reached * piety under Zin
  6265 | D:6      | Learned a level 1 spell: Animate Skeleton
  6306 | D:6      | Noticed a polar bear
  6306 | D:6      | Noticed a polar bear
  6306 | D:6      | Noticed a polar bear
  6306 | D:6      | Noticed a polar bear
  6313 | D:6      | Mangled by a polar bear

Illustrated notes

Levels and vault maps discovered:
D:1:      ncdulo_lavacross, layout_loops_corners, minmay_misc_feat_nine_boxes
D:2:      layout_rooms, uniq_natasha
D:3:      layout_basic, old_standard_altar
D:4:      kennysheep_slugbush, layout_loops_ring,
          nicolae_qazlal_general_emergency
D:5:      wander_river, layout_basic, minmay_temple_entry_sparse_star,
          lemuel_angel_altar, uniq_eustachio
D:6:      layout_cave_pools, lightli_orcish_oven
Temple:   regret_index_temple_chain_breaker

Skill      XL: |  1  2  3  4  5  6  7 |
---------------+----------------------+-----
Maces & Flails | 3 4 5 |  5.3
Shields        | 4 5 |  5.7
Armour         | 4 |  4.7
Dodging        | 1 2 |  2.1
Fighting       | 4 5 |  5.0
Throwing       | 1 |  1.0
Evocations     | 1 |  1.0
Axes           | |  0.1
Stealth        | |  0.7

Action                   |  1- 3 |  4- 6 |  7- 9 || total
-------------------------+-------+-------+-------++-------
Melee: Flail             |   126 |   324 |    61 ||   511
       War axe           |       |       |    25 ||    25
Throw: Stone             |       |    66 |       ||    66
       Javelin           |       |     3 |       ||     3
       Dart              |       |     3 |       ||     3
Evoke: Wand              |       |     9 |     8 ||    17
  Use: Scroll            |       |     7 |     4 ||    11
       Potion            |       |     2 |     1 ||     3
 Stab: Sleeping          |       |       |     1 ||     1
Armor: Scale mail        |    68 |   278 |    18 ||   364
       Leather armour    |       |       |    18 ||    18
Dodge: Dodged            |    30 |   148 |    35 ||   213
Block: Kite shield       |    69 |   228 |    60 ||   357
